 Dungeon Crawl Stone Soup version 0.19-a0-994-g3c636f0 (webtiles) character file.

48 Leszczynek the Shield-Bearer (level 4, 0/30 HPs)
             Began as a Human Enchanter on July 17, 2016.
             Killed from afar by a dart slug (5 damage)
             ... with a slug dart
             ... on level 2 of the Dungeon.
             The game lasted 00:07:31 (1245 turns).

Leszczynek the Shield-Bearer (Human Enchanter)      Turns: 1245, Time: 00:07:32

Health: 0/30       AC:  4    Str: 14    XL:     4   Next: 0%
Magic:  7/7        EV: 15    Int: 16    God:
Gold:   55         SH:  9    Dex: 18    Spells: 1 memorised, 6 levels left

rFire  . . .     SeeInvis .     k - +0 spear
rCold  . . .     Gourm    .     b - +2 robe
rNeg   . . .     Faith    .     h - +0 shield
rPois  .         Spirit   .     (no helmet)
rElec  .         Dismiss  .     (no cloak)
rCorr  .         Reflect  .     (no gloves)
SustAt .         Harm     .     (no boots)
MR     .....                    (no amulet)
Stlth  +++.......               (no ring)
                                (no ring)

@: mighty, agile, very slightly contaminated, hasted, very quick, not resistant
to hostile enchantments, fairly stealthy
A: no striking features
a: no special abilities


You were on level 2 of the Dungeon.
You were not hungry.

You visited 1 branch of the dungeon, and saw 2 of its levels.

You collected 55 gold pieces.

Inventory:

Hand Weapons
 a - a +1 dagger
 k - a +0 spear (weapon)
Missiles
 r - 14 sling bullets
Armour
 b - a +2 robe (worn)
 f - a +0 scale mail
 h - a +0 shield (worn)
Potions
 n - a potion of brilliance
 p - a potion of cure mutation {unknown}
Books
 c - a book of Maledictions

   Spells                             Type                      Level
   a - Corona                         Hexes                        1
   b - Ensorcelled Hibernation        Hexes/Ice                    2
   c - Confuse                        Hexes                        3
   d - Tukima's Dance                 Hexes                        3
   e - Dazzling Spray                 Conjuration/Hexes            3
Comestibles
 d - 2 bread rations


   Skills:
 - Level 1.0 Short Blades
 - Level 2.0 Dodging
 - Level 3.0 Stealth
 * Level 3.1 Shields
 - Level 2.0 Spellcasting
 - Level 3.0 Hexes


You had 6 spell levels left.
You knew the following spells:

 Your Spells              Type           Power        Failure   Level  Hunger
a - Corona                Hex            ##.....      28%         1    #......


Dungeon Overview and Level Annotations

Branches:
Dungeon (2/15)

Altars:
Trog


Message History

Okay, then.
You feel agile all of a sudden. The bat barely misses you.
You block the bat's attack.
You feel yourself speed up. The bat closely misses you. The bat hits you.
You are very lightly contaminated with residual magic.
You feel very mighty all of a sudden.
Unknown command.
You puncture the bat!
You kill the bat!
The dart slug launches a dart at you. The slug dart hits you!
* * * LOW HITPOINT WARNING * * *
You puncture the adder!
You kill the adder!
Your Shields skill increases to level 3!
You have reached level 4!
You feel clever. The dart slug launches a dart at you. The slug dart hits you!
You die...

.##..........
..#..........
..)........# ..##......##
............#
..##......#.# .##########
.w ...##### #.##### #
.......## #..@rg# .#
...###....########.##.#
#### ....####.....# #
#########.?..gr...###
####..........w>.........
..)..#######....#########
.##.......##....#
.########..?....# .....#
###...<.#


You could see a dart slug, a hobgoblin and a rat.

Vanquished Creatures
  An adder (D:2)
  A worm (D:1)
  A dart slug (D:1)
  2 ball pythons
  4 bats
  3 giant cockroaches (D:1)
  5 goblins
  2 hobgoblins (D:1)
  3 kobolds
  A giant newt (D:1)
  11 rats (D:1)
34 creatures vanquished.

Notes
Turn   | Place    | Note
-------+----------+-------------------------------------------
     0 | D:1      | Leszczynek the Human Enchanter began the quest for the Orb.
     0 | D:1      | Reached XP level 1. HP: 13/13 MP: 3/3
   212 | D:1      | Reached skill level 1 in Shields
   268 | D:1      | Reached XP level 2. HP: 8/19 MP: 3/5
   638 | D:1      | Reached skill level 2 in Shields
   805 | D:1      | Reached XP level 3. HP: 19/24 MP: 4/6
   972 | D:2      | Noticed a moth of wrath
   975 | D:2      | Found a bloodstained altar of Trog.
  1245 | D:2      | Reached skill level 3 in Shields
  1245 | D:2      | Reached XP level 4. HP: 5/30 MP: 7/7
  1245 | D:2      | Killed from afar by a dart slug

Vault maps used:
D:1:      dpeg_arrival_ratfight
D:2:      nicolae_dithmenos_shadow_blocks, tgw_trog

Skill      XL: |  1  2  3 |
---------------+----------+-----
Shields        | 1 2 3 |  3.1
Short Blades   | |  1.0
Dodging        | |  2.0
Stealth        | |  3.0
Spellcasting   | |  2.0
Hexes          | |  3.0

Action                   |  1- 3 |  4- 6 || total
-------------------------+-------+-------++-------
Melee: Dagger            |    40 |       ||    40
       Spear             |   120 |       ||   120
 Cast: Corona            |    23 |       ||    23
  Use: Potion            |     4 |       ||     4
       Scroll            |     6 |       ||     6
 Stab: Sleeping          |     1 |       ||     1
  Eat: Chunk             |     3 |       ||     3
Armor: Robe              |    35 |       ||    35
Dodge: Dodged            |    59 |       ||    59
Block: Shield            |    16 |       ||    16
